 Dungeon Crawl Stone Soup version 0.28.0-1-gb440e238dd (webtiles) character file.

Game seed: 1120977604018471669

21 ZeroWinrate the Chucker (level 2, -1/26 HPs)
             Began as a Gnoll Wanderer on Feb 20, 2022.
             Slain by an adder (2 damage)
             ... on level 2 of the Dungeon.
             The game lasted 00:03:02 (2150 turns).

ZeroWinrate the Chucker (Gnoll Wanderer)            Turns: 2150, Time: 00:03:03

Health: -1/26      AC:  2    Str:  8    XL:     2   Next: 87%
Magic:  7/7        EV: 12    Int: 12    God:
Gold:   10         SH:  0    Dex: 13    Spells: 7/10 levels left

rFire   . . .      SeeInvis .   a - +0 dagger
rCold   . . .      Faith    .   (no shield)
rNeg    . . .      Spirit   .   c - +0 robe
rPois   .          Reflect  .   (no helmet)
rElec   .          Harm     .   (no cloak)
rCorr   .          Rampage  .   (no gloves)
Will    .....                   (no boots)
Stlth   +.........              h - amulet of magic regeneration
HPRegen 0.08/turn               (no ring)
MPRegen 0.50/turn               (no ring)

@: very slightly contaminated
A: fangs 1, strong nose, distributed training
a: no special abilities


You were on level 2 of the Dungeon.
You visited 1 branch of the dungeon, and saw 2 of its levels.

You collected 10 gold pieces.

Inventory:

Hand Weapons
 a - a +0 dagger (weapon)
Armour
 c - a +0 robe (worn)
 i - an orb of energy
Jewellery
 h - an amulet of magic regeneration (around neck)
Scrolls
 f - 2 scrolls of identify {unknown}
 g - a scroll of torment {unknown}
Potions
 d - a potion of berserk rage {unknown}


   Skills:
 + Level 4.5 Fighting
 + Level 0.5 Short Blades
 + Level 0.5 Long Blades
 + Level 0.5 Axes
 + Level 0.5 Maces & Flails
 + Level 0.5 Polearms
 + Level 0.5 Staves
 + Level 0.5 Slings
 + Level 0.5 Bows
 + Level 0.5 Crossbows
 + Level 6.5 Throwing
 + Level 0.5 Armour
 + Level 2.5 Dodging
 + Level 0.5 Stealth
 + Level 0.5 Shields
 + Level 0.5 Unarmed Combat
 + Level 4.9 Spellcasting
 + Level 0.4 Conjurations
 + Level 3.7 Hexes
 + Level 0.4 Summonings
 + Level 0.4 Necromancy
 + Level 0.4 Translocations
 + Level 0.4 Transmutations
 + Level 0.4 Fire Magic
 + Level 0.4 Ice Magic
 + Level 0.4 Air Magic
 + Level 0.4 Earth Magic
 + Level 0.4 Poison Magic
 + Level 0.7 Invocations
 + Level 0.5 Evocations


You had 7 spell levels left.
You knew the following spells:

 Your Spells              Type           Power      Damage    Failure   Level
a - Slow                  Hex            44%        N/A       4%          1
b - Ensorcelled Hibernat  Hex/Ice        14%        N/A       13%         2

Your spell library contained the following spells:

 Spells                   Type           Power      Damage    Failure   Level
 Apportation              Tloc           6%         N/A       17%         1
 Portal Projectile        Hex/Tloc       14%        N/A       26%         3
 Cause Fear               Hex            5%         N/A       41%         4


Dungeon Overview and Level Annotations

Branches:
Dungeon (2/15)

Altars:


Innate Abilities, Weirdness & Mutations

You have very sharp teeth.
Your uncanny sense of smell can sniff out nearby items.
Your experience applies equally to all skills.


Message History

You hit the adder but do no damage.
The adder is severely wounded.
The adder is no longer moving slowly.
The adder closely misses you.
You hit the adder.
The adder is almost dead.
The adder bites you.
* * * LOW HITPOINT WARNING * * *
You are poisoned.
The adder poisons you!
Casting: Slow (safe; 4% risk of failure)
Confirm with . or Enter, or press ? or * to list all spells.
Aiming: Slow (safe; 4% risk of failure)
Press: ? - help, Shift-Dir - straight line, f/p - adder
Aim: an adder (almost dead, chance to affect: 58%)
You miscast Slow.
You are very lightly contaminated with residual magic.
Nothing appears to happen.
* * * LOW HITPOINT WARNING * * *
You feel sick. The adder bites you but does no damage.
Unknown command.
* * * LOW HITPOINT WARNING * * *
You feel sick. The adder barely misses you.
Casting: Slow (safe; 4% risk of failure)
Confirm with . or Enter, or press ? or * to list all spells.
Aiming: Slow (safe; 4% risk of failure)
Press: ? - help, Shift-Dir - straight line, f/p - adder
Aim: an adder (almost dead, chance to affect: 58%)
The adder seems to slow down.
* * * LOW HITPOINT WARNING * * *
You feel sick.
Unknown command.
Unknown command.
* * * LOW HITPOINT WARNING * * *
You feel sick.
* * * LOW HITPOINT WARNING * * *
You feel sick.
You are no longer poisoned.
There is a stone staircase leading up here.
The adder bites you.
You die...

#.# #.# #.# #.# #.# #.#
#.#########.# #.#.........#
#####
#####.#.############.....
...(..(.....(........>#
#####...######.#S.....###
#...######.#@.......#
#..........#.##...#.#
#.†##.....##.#....#
#..##.............#
#####..##......#......#
.......#..............########
######.#......................
.......#........####.#########
#####..#.............#


You could see an adder (slow).

Vanquished Creatures
  4 ball pythons (D:1)
  2 bats (D:1)
  A giant cockroach (D:1)
  4 hobgoblins
  A quokka (D:1)
  2 frilled lizards (D:1)
  3 goblins (D:1)
  A kobold (D:1)
  4 rats
22 creatures vanquished.

Notes
Turn   | Place    | Note
-------+----------+-------------------------------------------
     0 | D:1      | ZeroWinrate the Gnoll Wanderer began the quest for the Orb.
     0 | D:1      | ZeroWinrate set off with the following items: a +0 dagger,
                  | 7 poisoned darts, a +0 robe; and the following spells
                  | available to memorise: Slow, Ensorcelled Hibernation,
                  | Apportation, Portal Projectile, Cause Fear
     0 | D:1      | Reached XP level 1. HP: 20/20 MP: 6/6
   172 | D:1      | Reached XP level 2. HP: 5/26 MP: 7/7
   697 | D:1      | Learned a level 1 spell: Slow
   700 | D:1      | Learned a level 2 spell: Ensorcelled Hibernation
  1088 | D:1      | Found a faded altar of an unknown god.
  2148 | D:2      | HP: 1/26 [poisoned by an adder]
  2150 | D:2      | Slain by an adder

Illustrated notes

Levels and vault maps discovered:
D:1:      ncdulo_lavacross, layout_loops_corners,
          dreamdust_ecumenical_altar_grove
D:2:      layout_basic, basic_altar, uniq_natasha

Action                   || total
-------------------------++-------
Melee: Dagger            ||   134
       Bite              ||    15
       Punch             ||     1
Throw: Dart              ||    15
 Cast: Ensorcelled Hiber ||    10
       Slow              ||     3
  Use: Potion            ||     2
 Stab: Sleeping          ||     6
Armor: Robe              ||    21
Dodge: Dodged            ||    93
